 Dungeon Sprint DCSS version 0.30.0-29-ga12c61a403 (webtiles) character file.

Game seed: 15193300174046259155

3327 McKennaii the Fighter (level 9, -12/93 HPs)
             Began as a Demonspawn Fighter on June 4, 2023.
             Was a Believer of Qazlal.
             Killed from afar by a crystal guardian (28 damage)
             ... with a crystal bolt
             ... in the Dungeon (Sprint II: "The Violet Keep of Menkaure").
             The game lasted 00:13:29 (1889 turns).

McKennaii the Fighter (Demonspawn Fighter)          Turns: 1889, Time: 00:13:29

Health: -12/93     AC: 17    Str: 20    XL:     9   Next: 71%
Magic:  9/9        EV:  8    Int: 10    God:    Qazlal [**....]
Gold:   323        SH:  2    Dex: 13    Spells: 8/8 levels left

rFire   . .          .
                       - Unarmed
rCold   . . .        (no shield)
rNeg    . . .        k - +3 chain mail {rPois}
rPois   +            (helmet restricted)
rElec   .            t - scarf {repulsion}
rCorr   .            w - +0 pair of gloves
SInv    .            (no boots)
Will    .....        m - amulet of regeneration Stlth
                     (no ring)
HPRegen 1.15/turn    (no ring)
MPRegen 0.11/turn

%: no teleportation, repel missiles
@: mighty
A: antennae 1, demonic guardian 1, spiny 2, weakness stinger 2, mutation
resistance 1, robust 1
a: Renounce Religion, Upheaval


You were in the Dungeon.
You worshipped Qazlal.
Qazlal was pleased with you.
You visited 1 branch You collected 1243 gold pieces.
You spent 920 gold pieces at shops.

Inventory:

Hand Weapons
 a - a +0 trident
Armour
 c - a +0 buckler
 k - a +3 chain mail of poison resistance (worn)
 t - a scarf of repulsion (worn)
 w - a +0 pair of gloves (worn)
Jewellery
 m - an amulet of regeneration (around neck)
Scrolls
 j - a scroll of blinking
 n - a scroll of acquirement {unknown}
 p - 2 scrolls of vulnerability {unknown}
 q - 3 scrolls of identify {unknown}
 r - a scroll of poison {unknown}
 u - 2 scrolls of immolation {unknown}
Potions
 b - a potion of mutation
 d - 4 potions of might
 e - 5 potions of curing
 f - a potion of heal wounds
 g - 2 potions of haste
 h - 5 potions of magic
 i - a potion of berserk rage
 l - 4 potions of flight {unknown}
 o - 2 potions of attraction {unknown}
 s - a potion of cancellation {unknown}
 v - 3 potions of resistance {unknown}


   Skills:
 + Level 13.3 Fighting
 - Level 3.7 Polearms
 + Level 12.2 Armour
 - Level 4.3 Shields
 + Level 11.4 Unarmed Combat


You had 8 spell levels left.
You didn't know any spells.
Your spell library contained the following spells:

 Spells                   Type           Power      Damage    Failure   Level
 Vhi's Electric Charge    Tloc/Air       0%         N/A       99%         3
 Arcjolt                  Conj/Air       0%         1d10      100%        5
 Maxwell's Capacitive Co  Air            0%         ∞         100%        8


Dungeon Overview and Level Annotations

Branches:
Dungeon (1/1)

Altars:
Cheibriados
Dithmenos
Fedhas
Gozag
Hepliaklqana
Kikubaaqudgha
Makhleb
Nemelex Xobeh
Okawaru
Qazlal
Ru
Sif Muna
Trog
Uskayaw
Vehumet
Wu Jian
Xom
Yredelemnul
Jiyva
Lugonu

Shops:
D :=(*([![:?*=([!

Annotations:
D exclusion: oklob plant


Innate Abilities, Weirdness & Mutations

You have a pair of small antennae on your head.
A weak demonic guardian rushes to your aid.
You are mostly covered in sharp spines.
You have a tail ending in a sharp stinger.
You are somewhat resistant to further mutation.
You are robust. (+10% HP)


Message History

* * * LOW HITPOINT WARNING * * *
A demonic guardian appears!
The crystal bolt burns your iron imp.
Your iron imp completely resists.
Unknown command.
You hit the crystal guardian but do no damage.
You tail-slap the crystal guardian.
You punch the crystal guardian, but do no damage.
The crystal guardian is lightly damaged.
The crystal guardian fires a crystalline bolt at you.
The crystal bolt burns you.
* * * LOW HITPOINT WARNING * * *
The crystal bolt burns your iron imp.
Your iron imp completely resists.
Unknown command.
You feel much better.
The crystal guardian closely misses you.
You feel very mighty all of a sudden.
The crystal guardian hits you but does no damage.
You punch the crystal guardian!
You punch the crystal guardian, but do no damage.
The crystal guardian is moderately damaged.
The crystal guardian fires a crystalline bolt at you.
The crystal bolt burns you!!!
* * * LOW HITPOINT WARNING * * *
Unknown command.
You feel much better.
Your iron imp hits the crystal guardian but does no damage.
The crystal guardian hits you!
* * * LOW HITPOINT WARNING * * *
You punch the crystal guardian!
The crystal guardian is heavily damaged.
Your iron imp hits the crystal guardian but does no damage.
Unknown command.
Okay, then.
You punch the crystal guardian!
You tail-slap the crystal guardian, but do no damage.
The crystal guardian is severely damaged.
The crystal guardian fires a crystalline bolt at you.
The crystal bolt freezes you!!
You die...

#...▓≈≈≈≈≈≈≈≈▓▓ #++
#:[▓▓▓▓▓▓▓▓▓▓▓ ... ..
.#=°▓)...([(.▓▓ +##.. #.
k#)}▓....[)..▓▓ ..##.####
+.##.#::▓.)).....▓▓ #..#....#
..9####▓..[[).["▓▓ #.####..##
#..##.#▓........▓▓ '###.##..#
+..#..#▓.)...(..▓▓ .##...#..#{
#..#@5#▓.)...[..▓▓
<.'.##'..####..##9#▓.().)..(▓▓
.####.#)...###...##▓▓▓▓▓▓▓'▓▓▓▓+▓
'###.##......~~~~~~~~~~~~~...≈≈≈▓
#.####~§.....~#'########§###.≈X≈▓
##.#~~~§§~~§.~#....._._#§§§##≈≈≈▓
#.##~~§~~~§~.~#...._._.#~§§§####▓
'##~~~≈≈≈~§§~~#..._._._#~§§~§##
~~~~~~§≈§≈≈~~~#.._._._.#~~~≈§≈#


You could see a crystal guardian (ally target) and a friendly iron imp
(summoned).

Vanquished Creatures
  A death drake (D)
  A yaktaur (D)
  3 polar bears (D)
  A hornet (D)
  A blink frog (D)
  2 wyverns (D)
  4 neqoxecs (D)
  Menkaure (D)
  4 water moccasins (D)
  A swamp drake (D)
  4 necrophages (D)
  3 worms (D)
26 creatures vanquished.

Vanquished Creatures (others)
  A water moccasin (D)
  12 tentacles (D)
13 creatures vanquished.

Grand Total: 39 creatures vanquished

Notes
Turn   | Place    | Note
-------+----------+-------------------------------------------
     0 | D        | McKennaii the Demonspawn Fighter began the quest for the
                  | Orb.
     0 | D        | Reached XP level 1. HP: 18/18 MP: 1/1
     1 | D        | Noticed a necrophage
     1 | D        | Noticed a necrophage
     1 | D        | Noticed a necrophage
     1 | D        | Noticed a necrophage
     6 | D        | Killed a necrophage
     7 | D        | Reached skill level 4 in Fighting
     7 | D        | Discovered your monstrous ancestry.
     7 | D        | Gained mutation: You have a small tail. [demonic ancestry]
     7 | D        | Reached XP level 2. HP: 14/26 MP: 2/2
     7 | D        | Gained mutation: You have a tail ending in a sharp stinger.
                  | [demonic ancestry]
     7 | D        | Reached XP level 3. HP: 17/31 MP: 3/3
    12 | D        | Killed a necrophage
    13 | D        | Reached skill level 5 in Fighting
    13 | D        | Reached skill level 5 in Armour
    13 | D        | Gained mutation: You have a pair of small antennae on your
                  | head. [demonic ancestry]
    13 | D        | Reached XP level 4. HP: 24/40 MP: 4/4
    29 | D        | Killed a necrophage
    30 | D        | Reached skill level 6 in Fighting
    30 | D        | Gained mutation: You are partially covered in sharp spines.
                  | [demonic ancestry]
    30 | D        | Reached XP level 5. HP: 20/47 MP: 5/5
    40 | D        | Reached skill level 7 in Fighting
   194 | D        | Noticed a neqoxec
   194 | D        | Gained mutation: You occasionally lose the ability to drink
                  | potions when taking damage. [a neqoxec]
   209 | D        | Gained mutation: You are clumsy. (Dex -2) [a neqoxec]
   210 | D        | Killed a neqoxec
   211 | D        | Reached skill level 8 in Fighting
   211 | D        | Reached XP level 6. HP: 19/56 MP: 6/6
   338 | D        | Noticed a neqoxec
   341 | D        | Noticed a neqoxec
   342 | D        | Noticed a neqoxec
   352 | D        | Killed a neqoxec
   353 | D        | Lost mutation: You are clumsy. (Dex -2) [a neqoxec]
   354 | D        | Gained mutation: You are dopey. (Int -2) [a neqoxec]
   357 | D        | Gained mutation: Your spells are a little easier to cast,
                  | but a little less powerful. [a neqoxec]
   363 | D        | Killed a neqoxec
   364 | D        | Reached skill level 9 in Fighting
   364 | D        | Gained mutation: You are mostly covered in sharp spines.
                  | [demonic ancestry]
   364 | D        | Reached XP level 7. HP: 37/64 MP: 7/7
   370 | D        | Killed a neqoxec
   486 | D        | Reached skill level 10 in Fighting
   506 | D        | Noticed a wyvern
   506 | D        | Noticed a wyvern
   513 | D        | Killed a wyvern
   522 | D        | Killed a wyvern
   523 | D        | Reached XP level 8. HP: 31/74 MP: 8/8
   540 | D        | Found Jiyg's Antique Armour Shoppe.
   540 | D        | Found Befruseen's Jewellery Shoppe.
   540 | D        | Found Cehemu's Antique Armour Shoppe.
   540 | D        | Found Myxzywih's Distillery.
   540 | D        | Found Pevoiz's Distillery.
   540 | D        | Found Hant's General Store.
   541 | D        | Found Jacigg's Magic Scroll Shoppe.
   541 | D        | Found Yninn's Book Emporium.
   541 | D        | Found Ywakko's Weapon Shoppe.
   541 | D        | Found Redif's General Store.
   542 | D        | Found Pisiff's Weapon Shoppe.
   542 | D        | Found Willien's Antique Weapon Shoppe.
   542 | D        | Found Taih's Armour Emporium.
   542 | D        | Found Lisch's Jewellery Emporium.
   552 | D        | Noticed an oklob plant
   553 | D        | Found Zogewad's Book Shoppe.
   554 | D        | Noticed a slime creature
   554 | D        | Noticed a slime creature
   570 | D        | Noticed a slime creature
   572 | D        | Noticed a great orb of eyes
   695 | D        | Bought a glowing chain mail for 165 gold pieces
   723 | D        | Bought 3 potions of mutation for 288 gold pieces
   723 | D        | Lost mutation: You are dopey. (Int -2) [potion of mutation]
   723 | D        | Lost mutation: You occasionally lose the ability to drink
                  | potions when taking damage. [potion of mutation]
   723 | D        | Gained mutation: You are agile. (Dex +4, Str/Int -1)
                  | [potion of mutation]
   723 | D        | Gained mutation: You are somewhat resistant to further
                  | mutation. [potion of mutation]
   724 | D        | Lost mutation: Your spells are a little easier to cast, but
                  | a little less powerful. [potion of mutation]
   724 | D        | Lost mutation: You are agile. (Dex +4, Str/Int -1) [potion
                  | of mutation]
   724 | D        | Gained mutation: You are robust. (+10% HP) [potion of
                  | mutation]
   730 | D        | Bought a potion of curing for 36 gold pieces
   730 | D        | Bought a potion of heal wounds for 60 gold pieces
   730 | D        | Bought 2 potions of might for 96 gold pieces
   730 | D        | Bought a potion of might for 48 gold pieces
   734 | D        | Bought a potion of haste for 130 gold pieces
   741 | D        | Bought a scroll of enchant armour for 97 gold pieces
   771 | D        | Found a snail-covered altar of Cheibriados.
   772 | D        | Found a shadowy altar of Dithmenos.
   797 | D        | Noticed a blink frog
   803 | D        | Killed a blink frog
   804 | D        | Reached skill level 11 in Fighting
   804 | D        | Reached skill level 10 in Armour
   866 | D        | Found a viscous altar of Jiyva.
   868 | D        | Found an ancient bone altar of Kikubaaqudgha.
   872 | D        | Found a blossoming altar of Fedhas.
   872 | D        | Found a corrupted altar of Lugonu.
   872 | D        | Found a shimmering blue altar of Sif Muna.
   873 | D        | Noticed a polar bear
   874 | D        | Noticed a polar bear
   875 | D        | Noticed a hornet
   916 | D        | Killed a polar bear
  1178 | D        | Noticed a yaktaur
  1196 | D        | Killed a polar bear
  1201 | D        | Killed a yaktaur
  1202 | D        | Reached skill level 12 in Fighting
  1202 | D        | Reached skill level 10 in Unarmed Combat
  1202 | D        | Gained mutation: A weak demonic guardian rushes to your
                  | aid. [demonic ancestry]
  1202 | D        | Reached XP level 9. HP: 70/90 MP: 9/9
  1208 | D        | Noticed a polar bear
  1209 | D        | Found an opulent altar of Gozag.
  1209 | D        | Found a burning altar of Makhleb.
  1209 | D        | Found a bloodstained altar of Trog.
  1216 | D        | Killed a polar bear
  1220 | D        | Found a sparkling altar of Nemelex Xobeh.
  1220 | D        | Found a hide-covered altar of Uskayaw.
  1220 | D        | Found a basalt altar of Yredelemnul.
  1221 | D        | Found an iron altar of Okawaru.
  1221 | D        | Found a radiant altar of Vehumet.
  1221 | D        | Found a hazy altar of Hepliaklqana.
  1221 | D        | Found a sacrificial altar of Ru.
  1221 | D        | Found a shimmering altar of Xom.
  1222 | D        | Found a stormy altar of Qazlal.
  1222 | D        | Found an ornate altar of the Wu Jian Council.
  1222 | D        | Noticed Menkaure
  1236 | D        | Became a worshipper of Qazlal Stormbringer
  1433 | D        | Noticed a kraken
  1462 | D        | Killed Menkaure
  1462 | D        | Reached * piety under Qazlal
  1775 | D        | Noticed a crystal guardian
  1785 | D        | Noticed a death drake
  1812 | D        | Killed a death drake
  1813 | D        | Reached skill level 13 in Fighting
  1867 | D        | Reached ** piety under Qazlal
  1886 | D        | HP: 3/93 [crystal guardian/crystal bolt (44)]
  1889 | D        | Killed from afar by a crystal guardian

Illustrated notes

Levels and vault maps discovered:
D:        the_violet_keep_of_menkaure [sprint2_stairs_cluster_1,
          sprint2_shoproom, sprint2_temple, sprint2_basic_supplies,
          sprint2_obstacle_7, sprint2_obstacle_1, sprint2_obstacle_3,
          sprint2_obstacle_5, sprint2_obstacle_2, sprint2_timed_cluster_1,
          sprint2_smallroom_cluster_1, sprint2_smallroom_final_cluster_1,
          sprint2_transparent_cluster_1, sprint2_second_timed_cluster_1,
          sprint2_sniper_area_1, sprint2_heavy_combat_area_1,
          sprint2_mutation_trap_area_1, sprint2_forest_area_1,
          sprint2_light_combat_area_1, sprint2_behind_water_1,
          sprint2_near_end_vault_1]

Skill      XL: |  1  2  3  4  5  6  7  8  9 |
---------------+----------------------------+-----
Fighting       | 4 5 6 8 9 10 12 13 | 13.3
Polearms       | 3 |  3.7
Armour         | 4 5 6 7 8 9 11 12 | 12.2
Shields        | 4 |  4.3
Unarmed Combat | 2 4 6 7 8 10 11 | 11.4

Action                     |  1- 3 |  4- 6 |  7- 9 || total
---------------------------+-------+-------+-------++-------
  Melee: Trident           |    11 |     1 |       ||    12
         Tailslap          |     3 |     9 |    12 ||    24
         Unarmed           |       |    60 |   109 ||   169
         Punch             |       |       |     5 ||     5
    Use: Potion            |       |       |     6 ||     6
         Scroll            |       |       |     1 ||     1
 Armour: Scale mail        |     1 |    12 |    12 ||    25
         Chain mail        |       |       |    52 ||    52
  Dodge: Dodged            |     3 |    17 |    43 ||    63
         Repelled          |       |       |     1 ||     1
  Block: Buckler           |     4 |     4 |     6 ||    14
